 Dungeon Crawl Stone Soup version 0.32-a0-953-g508020473e (webtiles) character file.

Game seed: 718305967950713892

751 Skitler the Firebug (level 7, -5/51 HPs)
             Began as a Mountain Dwarf Fire Elementalist on Apr 17, 2024.
             Slain by a gnoll sergeant
             ... wielding a +3 spear of freezing
              (8 damage)
             ... on level 5 of the Dungeon.
             The game lasted 00:15:45 (5872 turns).

Skitler the Firebug (MDFE)                          Turns: 5872, Time: 00:15:46

Health: -5/51      AC: 16    Str: 12    XL:     7   Next: 49%
Magic:  0/14       EV: 20    Int: 16    God:
Gold:   238        SH:  0    Dex: 10    Spells: 13/16 levels left

rFire   + + .        o - +0 mace
rCold   + . .        (no shield)
rNeg    . . .        l - +0 chain mail {rF+}
rPois   +            (no helmet)
rElec   .            j - +2 cloak
rCorr   .            d - +1 pair of gloves
SInv    .            (no boots)
Will    .....        s - amulet of the acrobat Stlth
                     f - ring of protection from fire
HPRegen 0.28/turn    m - ring of protection from cold
MPRegen 0.14/turn

%: acrobat
@: acrobatic
A: runic magic, artefact enchanting, talons 1, iridescent scales 1, poison
resistance, noise suppression
a: no special abilities


You were on level 5 of the Dungeon.
You visited 2 branches of the dungeon, and saw 6 of its levels.

You collected 238 gold pieces.

Inventory:

Hand Weapons
 e - a +0 club
 o - a +0 mace (weapon)
Armour
 a - a +0 robe
 b - an orb of guile
 d - a +1 pair of gloves (worn)
 j - a +2 cloak (worn)
 k - a +0 helmet
 l - a +0 chain mail of fire resistance (worn)
 p - a +0 pair of gloves
Jewellery
 f - a ring of protection from fire (left hand)
 m - a ring of protection from cold (right hand)
 s - an amulet of the acrobat (around neck)
Wands
 t - a wand of paralysis (7)
Scrolls
 g - a scroll of amnesia {unknown}
 h - 2 scrolls of teleportation
 i - 2 scrolls of identify
Potions
 c - 3 potions of attraction
 n - a potion of cancellation {unknown}
 q - 2 potions of degeneration {unknown}
 r - a potion of heal wounds
 v - a potion of resistance {unknown}


   Skills:
 + Level 0.9 Fighting
 * Level 2.8 Maces & Flails
 + Level 2.4 Armour
 - Level 1.6 Dodging
 - Level 1.5 Stealth
 * Level 5.1 Spellcasting
 + Level 1.1 Conjurations
 + Level 6.2 Fire Magic


You had 13 spell levels left.
You knew the following spells:

 Your Spells              Type           Power      Damage    Failure   Level
a - Foxfire               Conj/Fire      60%        2x1d7     8%          1
b - Scorch                Fire           46%        2d6       4%          2

Your spell library contained the following spells:

 Spells                   Type           Power      Damage    Failure   Level
 Magic Dart               Conj           28%        1d4       22%         1
 Inner Flame              Hex/Fire       14%        N/A       28%         3
 Volatile Blastmotes      Fire/Tloc      28%        2d12      28%         3
 Searing Ray              Conj           14%        2d5       32%         2
 Flame Wave               Conj/Fire      15%        2d7       58%         4
 Fugue of the Fallen      Necr           4%         N/A       69%         3
 Ozocubu's Armour         Ice            4%         N/A       69%         3
 Fulminant Prism          Conj/Alch      2%         3d5       95%         4
 Manifold Assault         Tloc           2%         N/A       100%        7


Dungeon Overview and Level Annotations

Branches:
Dungeon (5/15)             Temple (1/1) D:5

Altars:
Ashenzari
Cheibriados
Dithmenos
Elyvilon
Fedhas
Hepliaklqana
Kikubaaqudgha
Makhleb
Okawaru
Qazlal
Ru
Trog
Uskayaw
Vehumet
Wu Jian
Yredelemnul
Zin
The Shining One

Shops:
D:5 [

Annotations:
D:5 1 runed translucent door, DeathSocks's ghost, novice DrCj


Innate Abilities, Weirdness & Mutations

Your spellcasting is much less encumbered by armour.
You can use scrolls of enchantment on lesser artefacts.
You have sharp toenails.
You are partially covered in iridescent scales. (AC +2)
Your system is resistant to poisons. (rPois)
You passively dampen the noise of your surroundings.


Message History

Your +0 helmet falls away!
Iridescent scales grow over part of your body.
The gnoll hits you but does no damage. x2
It was a potion of heal wounds.
You feel much better. The gnoll hits you but does no damage.
The gnoll hits you from afar with a +0 halberd.
You feel extremely strange.
You feel agile.
You feel a little more calm. The antennae on your head shrink away.
Your toenails lengthen and sharpen.
You feel resistant to poisons.
You feel your surroundings grow quieter.
The gnoll hits you but does no damage. The gnoll completely misses you.
You hit the gnoll but do no damage. You claw the gnoll.
The gnoll is moderately wounded.
The gnoll barely misses you.
The gnoll hits you from afar with a +0 halberd.
You sock the gnoll! Your kick misses the gnoll.
The gnoll is almost dead.
The gnoll hits you with a +0 flail.
The gnoll hits you but does no damage. x2
You hit the gnoll.
The gnoll is almost dead.
The gnoll barely misses you. The gnoll hits you but does no damage.
The gnoll hits you from afar with a +0 halberd.
* * * LOW HITPOINT WARNING * * *
You hit the gnoll.
You kill the gnoll!
The gnoll barely misses you.
Casting: Scorch (safe; 4% risk of failure)
Press: ? - help, Q - select action, (/) - cycle Dir - look around, f - activate Flames lash the gnoll sergeant.
The gnoll sergeant resists.
The gnoll sergeant is lightly wounded.
The gnoll sergeant's fire resistance burns away.
The gnoll hits you from afar with a +0 halberd.
* * * LOW HITPOINT WARNING * * *
The gnoll sergeant is no longer more vulnerable to fire.
The gnoll misses you. The gnoll hits you with a +0 halberd!
* * * LOW HITPOINT WARNING * * *
The gnoll sergeant hits you from afar with a +3 spear of freezing!
You die...

#.........####### ###
#...............#### ##.#
#..................# #..#
#.........####.....###.##
#.........####...)......#
#####........#...........
#......#####.......##
#......#♣ß♣#.........
#####..@..#W[.######....
#...#.##g###+#### ##.##
#.>.#.##g#......# #.#
#.....##g#{...#.## #.##
##...###.o........ ....
##### ##$o....... . ..
##...##### .. . #...#
###. . ##..# .... ###


You could see a gnoll sergeant, 2 gnolls and an orc.

Vanquished Creatures
  2 orc warriors (D:5)
  A gnoll sergeant (D:5)
  A scorpion (D:4)
  A howler monkey (D:4)
  A hound (D:5)
  2 bombardier beetles
  An orc priest (D:5)
  2 iguanas (D:5)
  An orc wizard (D:5)
  6 adders
  4 gnolls
  A shadow imp (D:5)
  2 dart slugs
  A ribbon worm (D:4)
  11 orcs
  8 endoplasms
  A giant cockroach (D:3)
  5 goblins
  9 hobgoblins
  3 quokkas
  8 ball pythons
  4 bats
  5 frilled lizards
  7 kobolds
  6 rats
93 creatures vanquished.

Vanquished Creatures (others)
  21 foxfires
21 creatures vanquished.

Grand Total: 114 creatures vanquished

Notes
Turn   | Place    | Note
-------+----------+-------------------------------------------
     0 | D:1      | Skitler the Mountain Dwarf Fire Elementalist began the
                  | quest for the Orb.
     0 | D:1      | Reached XP level 1. HP: 14/14 MP: 3/3
   219 | D:1      | Reached skill level 4 in Fire Magic
   233 | D:1      | Reached XP level 2. HP: 16/20 MP: 0/4
   300 | D:1      | Learned a level 2 spell: Scorch
   356 | D:1      | Reached skill level 1 in Conjurations
  1106 | D:2      | Noticed a bombardier beetle
  1595 | D:2      | Reached XP level 3. HP: 26/26 MP: 3/6
  2096 | D:2      | Reached XP level 4. HP: 29/33 MP: 0/8
  2546 | D:3      | Found a glowing golden altar of the Shining One.
  3143 | D:4      | Reached XP level 5. HP: 36/38 MP: 2/10
  3195 | D:4      | Reached skill level 1 in Armour
  3551 | D:4      | Reached skill level 5 in Fire Magic
  3724 | D:4      | Found an ornate altar of the Wu Jian Council.
  3783 | D:4      | Found a sacrificial altar of Ru.
  4172 | D:5      | Entered Level 5 of the Dungeon
  4563 | D:4      | Reached skill level 1 in Maces & Flails
  4563 | D:4      | Reached XP level 6. HP: 15/46 MP: 1/12
  4707 | D:5      | Found Cyryif's Armour Emporium.
  5012 | D:5      | Noticed an orc warrior
  5032 | D:5      | Killed an orc warrior
  5033 | D:5      | Reached XP level 7. HP: 51/51 MP: 3/13
  5533 | D:5      | Reached skill level 5 in Spellcasting
  5533 | D:5      | Reached skill level 6 in Fire Magic
  5722 | D:5      | Found a staircase to the Ecumenical Temple.
  5731 | D:5      | Found a runed translucent door.
  5732 | D:5      | Noticed DeathSocks's ghost (novice DrCj)
  5744 | Temple   | Entered the Ecumenical Temple
  5859 | D:5      | HP: 2/51 [gnoll/+0 flail[a gnoll sergeant] (6)]
  5861 | D:5      | Gained mutation: You sometimes lose your temper in combat.
                  | [potion of mutation]
  5861 | D:5      | Gained mutation: You are clumsy. (Dex -2) [potion of
                  | mutation]
  5861 | D:5      | Gained mutation: You have a pair of small antennae on your
                  | head. [potion of mutation]
  5861 | D:5      | Gained mutation: You are partially covered in iridescent
                  | scales. (AC +2) [potion of mutation]
  5863 | D:5      | Lost mutation: You are clumsy. (Dex -2) [potion of
                  | mutation]
  5863 | D:5      | Lost mutation: You sometimes lose your temper in combat.
                  | [potion of mutation]
  5863 | D:5      | Lost mutation: You have a pair of small antennae on your
                  | head. [potion of mutation]
  5863 | D:5      | Gained mutation: You have sharp toenails. [potion of
                  | mutation]
  5863 | D:5      | Gained mutation: Your system is resistant to poisons.
                  | (rPois) [potion of mutation]
  5863 | D:5      | Gained mutation: You passively dampen the noise of your
                  | surroundings. [potion of mutation]
  5872 | D:5      | Slain by a gnoll sergeant

Illustrated notes

Levels and vault maps discovered:
D:1:      dpeg_arrival_rooms_a, layout_basic
D:2:      layout_rooms, serial_corexii_hall, chequers_hall_statues_corner_a,
          corexii_hall_statues_u, hangedman_feature_mirror
D:3:      layout_rooms, tso_oasis_becter, minmay_between
D:4:      layout_basic, nicolae_ru_path_of_blood, kennysheep_mini_moat
D:5:      layout_rooms, minmay_temple_entry_butterflies, gammafunk_ghost_grave,
          serial_shops, nicolae_shop_crystal
Temple:   hellmonk_temple_of_storms

Skill      XL: |  1  2  3  4  5  6  7 |
---------------+----------------------+-----
Fire Magic     | 4 5 6 |  6.2
Conjurations   | 1 |  1.1
Spellcasting   | 2 3 4 5 |  5.1
Armour         | 1 2 |  2.4
Maces & Flails | 1 2 |  2.8
Fighting       | |  0.9
Dodging        | |  1.6
Stealth        | |  1.5

Action                     |  1- 3 |  4- 6 |  7- 9 || total
---------------------------+-------+-------+-------++-------
  Melee: Club              |    25 |    58 |       ||    83
         Mace              |       |    45 |    15 ||    60
         Kick              |       |       |     1 ||     1
   Cast: Foxfire           |    16 |       |       ||    16
         Scorch            |    27 |    72 |    37 ||   136
    Use: Scroll            |       |     8 |       ||     8
         Potion            |       |     3 |     3 ||     6
 Armour: Robe              |    26 |       |       ||    26
         Chain mail        |       |   191 |    69 ||   260
  Dodge: Dodged            |    29 |    64 |    41 ||   134

Table legend: (Time is in decaauts)
 A = Elapsed time spent in this place.
 B = Non-inter-level travel time spent in this place.
 C = Inter-level travel time spent in this place.
 D = Time resting spent in this place.
 E = Time spent auto-exploring this place.
 F = Levels seen in this place.
 G = Mean time per level.
                   A        B        C        D        E       F      G
               +--------+--------+--------+--------+--------+-----+--------+
         Total |   5923 |   5764 |    159 |   1083 |   3766 |   6 |  987.2 |
       Dungeon |   5911 |   5752 |    159 |   1083 |   3766 |   5 | 1182.2 |
        Temple |     11 |     11 |      0 |      0 |      0 |   1 |   11.0 |
               +--------+--------+--------+--------+--------+-----+--------+

Top non-repeatable levels by time:
     D:4: 1834 daAuts
     D:2: 1187 daAuts
     D:1: 1130 daAuts
     D:5: 935 daAuts
     D:3: 823 daAuts
  Temple: 11 daAuts
